 Dungeon Crawl Stone Soup version 0.31-a0-702-gf82c85558f (webtiles) character file.

Game seed: 3850363353841732764

385 qw the Shooter (level 6, -3/38 HPs)
             Began as a Gargoyle Hunter on Sept 8, 2023.
             Slain by a cerulean imp
             ... wielding a +0 spear
             ... summoned by Natasha
              (6 damage)
             ... on level 4 of the Dungeon.
             The game lasted 00:01:02 (2723 turns).

qw the Shooter (Gargoyle Hunter)                    Turns: 2723, Time: 00:01:03

Health: -3/38      AC:  0    Str: 14    XL:     6   Next: 77%
Magic:  6/6        EV: 14    Int: 10    God:
Gold:   73         SH:  0    Dex: 15    Spells: 5/5 levels left

rFire   . . .        Y - melded +0 shortbow (freeze)
rCold   . . .        (shield currently unavailable)
rNeg    + . .        e - melded +0 ring mail
rPois   inf          (helmet currently unavailable)
rElec   .            (cloak currently unavailable)
rCorr   .            (gloves currently unavailable)
SInv    .            (boots currently unavailable)
Will    .....        (no amulet)
Stlth   ++           g - melded ring of resist corrosion
HPRegen 0.26/turn    (ring currently unavailable)
MPRegen 0.10/turn

%: no passive effects
@: pig-form, very quick
A: fast, no casting, sickness immunity, AC +4, small, negative energy resistance
1, (electricity resistance), torment resistance 1, petrification resistance
a: no special abilities


You were on level 4 of the Dungeon.
You were a filthy swine.
You visited 1 branch of the dungeon, and saw 4 of its levels.

You collected 97 gold pieces.
You spent 24 gold pieces at shops.


Innate Abilities, Weirdness & Mutations

You are a filthy swine.
You move quickly.
Your equipment is almost entirely melded.
You are incapable of wielding weapons or throwing items.
You cannot cast spells.
You are immune to sickness and miasma.
((Your stone body is resilient. (AC +4)))
You are immune to poison.
You resist negative energy. (rN+)
((You are resistant to electric shocks. (rElec)))
You are resistant to unholy torment.
You are immune to petrification.


   Skills:
 - Level 4.0 Fighting
 + Level 6.9 Ranged Weapons
 - Level 1.6 Armour
 - Level 1.5 Dodging
 - Level 1.1 Stealth


You had 5 spell levels left.
You didn't know any spells.
Your spell library was empty.

Inventory:

Hand Weapons
 Y - a +0 shortbow of freezing (melded)
Armour
 e - a +0 ring mail (melded)
Jewellery
 b - a ring of protection from fire
 g - a ring of resist corrosion (melded)
Scrolls
 a - a scroll of enchant weapon {unknown}
 h - 5 scrolls of identify
Potions
 d - a potion of heal wounds {unknown}
 f - 4 potions of curing

Dungeon Overview and Level Annotations

Branches:
Dungeon (4/15)
 Temple: D:4-7

Altars:

Shops:
D:2 ?

Annotations:
D:4 Ijyb, Natasha


Message History

Ijyb is almost dead.
Natasha casts a spell.
The cerulean imp hits you with a +2 spear.
Ijyb zaps a wand.
You turn into a filthy swine.
Your +0 shortbow of freezing melds into your body.
Your +0 ring mail melds into your body.
Your ring of resist corrosion melds into your body.
Your +0 shortbow of freezing stops glowing.
2715 |||
Found retreat position at 1,-3 (floor) with 0 blocking monsters and 2 monsters attacking at destination at distance 3
Enter note:
Enter note:
2715 ||| Stepping ~*~*~tactically~*~*~ (retreating).
The cerulean imp hits you from afar with a +2 spear.
Enter note:
Enter note:
2716 |||
Found retreat position at 0,-2 (floor) with 0 blocking monsters and 2 monsters attacking at destination at distance 2
2716 ||| Stepping ~*~*~tactically~*~*~ (retreating).
Enter note:
Enter note: You hit Ijyb but do no damage.
Ijyb is almost dead.
Ijyb closely misses you.
You hit Ijyb but do no damage.
Ijyb is almost dead.
Ijyb hits you with a +0 club. The cerulean imp closely misses you.
You barely miss Ijyb.
Ijyb is almost dead.
Ijyb barely misses you. The cerulean imp misses you.
You hit Ijyb but do no damage.
Ijyb is almost dead.
Ijyb hits you with a +0 club.
The cerulean imp hits you from afar with a +2 spear.
You hit Ijyb but do no damage.
Ijyb is almost dead.
The cerulean imp disappears in a puff of smoke!
Ijyb hits you with a +0 club.
You closely miss Ijyb.
Ijyb is almost dead.
The cerulean imp hits you from afar with a +0 spear.
You die...

#### ### ..# ##.##
#.###...##
#h#......## #
#.######g#.......##
##
....5..5h.........#
#.
#.####.#.#.......####
#. #....#..........#
#. ......#.#....###.#
## ###...##.##.#.#
#.# # ##.# #.####.#
#.# #.
#......###.#####


You could see Ijyb, Natasha and a cerulean imp (summoned).

Vanquished Creatures
  Sigmund (D:2)
  An orc priest (D:3)
  An iguana (D:4)
  9 adders
  An ufetubus (D:3)
  A worm (D:2)
  3 dart slugs
  8 orcs
  4 ball pythons
  6 endoplasms
  2 giant cockroaches
  2 goblins
  5 hobgoblins
  6 kobolds
  A quokka (D:3)
  5 bats
  3 frilled lizards
  6 rats
65 creatures vanquished.

Notes
Turn   | Place    | Note
-------+----------+-------------------------------------------
     0 | D:1      | qw the Gargoyle Hunter began the quest for the Orb.
     0 | D:1      | Reached XP level 1. HP: 12/12 MP: 1/1
     0 | D:1      | 0 ||| qw: Version: 0.3-a-76-g4403597
     0 | D:1      | 0 ||| qw: Game counter: 1242
     0 | D:1      | 0 ||| qw: Melee chars always use a shield: true
     0 | D:1      | 0 ||| qw: God list: Okawaru
     0 | D:1      | 0 ||| qw: Allow faded altars: false
     0 | D:1      | 0 ||| qw: Do Orc after clearing Dungeon:15 true
     0 | D:1      | 0 ||| qw: Do second Lair branch before Depths: true
     0 | D:1      | 0 ||| qw: Lair rune preference: random
     0 | D:1      | 0 ||| qw: Goals: Normal
     0 | D:1      | 0 ||| PLANNING D:1-11
   293 | D:1      | Reached XP level 2. HP: 17/17 MP: 2/2
   740 | D:1      | 740 ||| UPGRADING to ring of resist corrosion.
   741 | D:1      | 741 ||| READING scroll labelled TERAIMMEUPA.
   746 | D:1      | 746 ||| READING scroll labelled ISU TUV QUTE.
   747 | D:1      | 747 ||| READING scroll labelled ZIADAS BOKLOY.
   748 | D:1      | 748 ||| READING scroll labelled CUWUQABRIF.
   749 | D:1      | 749 ||| DROPPING scroll of butterflies.
   767 | D:2      | 767 ||| STAIRDANCE
   828 | D:2      | Reached XP level 3. HP: 21/21 MP: 3/3
   863 | D:2      | Reached skill level 5 in Ranged Weapons
  1099 | D:2      | Found Qizebb's Magic Scroll Boutique.
  1105 | D:2      | 1105 ||| SHOPLISTING scroll of enchant armour (90 gold,
                  | have 31).
  1105 | D:2      | 1105 ||| SHOPLISTING scroll of enchant weapon (90 gold,
                  | have 31).
  1105 | D:2      | 1105 ||| BUYING scroll of identify (24 gold).
  1105 | D:2      | Bought a scroll of identify for 24 gold pieces
  1105 | D:2      | 1105 ||| SHOPLISTING scroll of teleportation (36 gold, have
                  | 7).
  1194 | D:2      | Reached skill level 3 in Fighting
  1363 | D:2      | Noticed Sigmund
  1376 | D:2      | Killed Sigmund
  1377 | D:2      | Reached skill level 6 in Ranged Weapons
  1377 | D:2      | Reached XP level 4. HP: 19/28 MP: 4/4
  1377 | D:2      | Reached XP level 5. HP: 21/32 MP: 5/5
  1529 | D:2      | 1529 ||| UPGRADING to +0 ring mail.
  1539 | D:2      | 1539 ||| DROPPING +0 leather armour.
  1540 | D:2      | 1540 ||| READING scroll labelled YSHANI DOUSEIN.
  1541 | D:2      | 1541 ||| READING 2 scrolls of identify.
  1541 | D:2      | 1541 ||| IDENTIFYING ruby potion
  1542 | D:2      | 1542 ||| DROPPING potion of invisibility.
  1613 | D:3      | Reached XP level 6. HP: 37/37 MP: 6/6
  1625 | D:3      | Reached skill level 1 in Armour
  1630 | D:3      | 1630 ||| FLEEEEING.
  1631 | D:3      | 1631 ||| FLEEEEING.
  1632 | D:3      | 1632 ||| FLEEEEING.
  1639 | D:3      | 1639 ||| STAIRDANCE
  1708 | D:2      | 1708 ||| READING scroll labelled JAENGU SAIFOYS.
  2279 | D:3      | 2279 ||| DRINKING 5 purple potions.
  2570 | D:4      | 2570 ||| FLEEEEING.
  2571 | D:4      | 2571 ||| FLEEEEING.
  2573 | D:4      | 2573 ||| FLEEEEING.
  2574 | D:4      | 2574 ||| FLEEEEING.
  2575 | D:4      | 2575 ||| FLEEEEING.
  2699 | D:4      | Noticed Ijyb
  2701 | D:4      | Noticed Natasha
  2715 | D:4      | 2715 ||| Stepping ~*~*~tactically~*~*~ (retreating).
  2716 | D:4      | 2716 ||| Stepping ~*~*~tactically~*~*~ (retreating).
  2721 | D:4      | HP: 4/38 [cerulean imp/+2 spear[Natasha] (6)]
  2723 | D:4      | Slain by a cerulean imp

Levels and vault maps discovered:
D:1:      dpeg_arrival_boxorama, layout_basic
D:2:      layout_loops_ring, serial_shops, nicolae_shop_just_a_little_nook,
          hangedman_decor_slide_cut, chequers_decorated_corner, uniq_sigmund
D:3:      layout_loops_ring
D:4:      layout_loops_corners, minmay_snake_closets, uniq_grinder,
          uniq_natasha, uniq_ijyb

Skill      XL: |  1  2  3  4  5  6 |
---------------+-------------------+-----
Ranged Weapons | 6 |  6.9
Fighting       | 3 4 |  4.0
Armour         | 1 |  1.6
Dodging        | |  1.5
Stealth        | |  1.1

Action                     |  1- 3 |  4- 6 || total
---------------------------+-------+-------++-------
  Melee: Unarmed           |       |     6 ||     6
   Fire: Shortbow          |   112 |   137 ||   249
    Use: Scroll            |     4 |     3 ||     7
         Potion            |       |     1 ||     1
 Armour: Leather armour    |    35 |       ||    35
         Ring mail         |       |    67 ||    67
         Skin              |       |     6 ||     6
  Dodge: Dodged            |    25 |    43 ||    68

Table legend:
 A = Non-vault XP
 B = Vault XP
 C = Vault XP percentage of total XP
 D = Non-vault monster count
 E = Vault monster count
 F = Vault count percentage of total count
                 A         B        C        D         E       F
            +---------+---------+-------+---------+---------+-------
      Total |     215 |     335 |  60.9 |      55 |      10 |  15.4
            +---------+---------+-------+---------+---------+-------
        D:1 |      29 |       0 |   0.0 |      15 |       0 |   0.0
        D:2 |      47 |     239 |  83.6 |      13 |       1 |   7.1
        D:3 |      91 |       0 |   0.0 |      20 |       0 |   0.0
        D:4 |      48 |      96 |  66.7 |       7 |       9 |  56.2
            +---------+---------+-------+---------+---------+-------
